 Dungeon Crawl Stone Soup version 0.32-a0-350-g4f4d228785 (webtiles) character file.

Game seed: 374788317409018137

296 seren the Digger (level 6, 0/32 HPs)
             Began as a Gargoyle Earth Elementalist on Feb 17, 2024.
             Slain by a gnoll
             ... wielding a +0 spear
              (6 damage)
             ... on level 5 of the Dungeon.
             The game lasted 00:06:19 (2266 turns).

seren the Digger (Gargoyle Earth Elementalist)      Turns: 2266, Time: 00:06:19

Health: 0/32       AC:  8    Str: 12    XL:     6   Next: 34%
Magic:  8/10       EV: 12    Int: 17    God:
Gold:   160        SH:  0    Dex: 10    Spells: 10/11 levels left

rFire   . . .        q - +2 dagger (venom)
rCold   . . .        (no shield)
rNeg    + . .        a - +0 robe
rPois   ∞            d - +1 helmet
rElec   +            (no cloak)
rCorr   .            (no gloves)
SInv    .            (no boots)
Will    .....        (no amulet)
Stlth   ++           (no ring)
HPRegen 0.25/turn    (no ring)
MPRegen 0.12/turn

%: no passive effects
@: weak-willed
A: sickness immunity, AC +4, negative energy resistance 1, electricity
resistance, torment resistance 1, petrification resistance
a: no special abilities


You were on level 5 of the Dungeon.
You visited 1 branch of the dungeon, and saw 5 of its levels.

You collected 160 gold pieces.

Inventory:

Hand Weapons
 q - a +2 dagger of venom (weapon)
Missiles
 b - 3 poisoned darts
 n - 5 boomerangs
Armour
 a - a +0 robe (worn)
 d - a +1 helmet (worn)
 m - the +1 chain mail of Xymiet {Int+3}
   (You found it on level 2 of the Dungeon)

   Int+3:     It affects your intelligence (+3).
Jewellery
 p - a +4 ring of protection
Potions
 c - 3 potions of curing {unknown}
 e - 2 potions of mutation {unknown}
 g - 2 potions of lignification {unknown}
 h - a potion of might {unknown}
 i - a potion of degeneration {unknown}
 j - a potion of attraction {unknown}
 k - 3 potions of heal wounds {unknown}


   Skills:
 + Level 2.7 Dodging
 + Level 4.0 Stealth
 + Level 3.1 Spellcasting
 + Level 3.0 Conjurations
 + Level 4.8 Earth Magic


You had 10 spell levels left.
You knew the following spells:

 Your Spells              Type           Power      Damage    Failure   Level
a - Sandblast             Erth           38%        2d10      2%          1

Your spell library contained the following spells:

 Spells                   Type           Power      Damage    Failure   Level
 Passwall                 Erth           19%        N/A       7%          3
 Stone Arrow              Conj/Erth      32%        3d9       10%         3
 Brom's Barrelling Bould  Conj/Erth      16%        2d4       32%         4
 Petrify                  Alch/Erth      10%        N/A       54%         4


Dungeon Overview and Level Annotations

Branches:
Dungeon (5/15)
 Temple: D:4-7

Altars:
Cheibriados
Makhleb

Annotations:
D:3 Jessica, Natasha
D:4 Dowan, Duvessa
D:5 exclusion: ogre, Ijyb


Innate Abilities, Weirdness & Mutations

You are immune to sickness and miasma.
Your stone body is resilient. (AC +4)
You are immune to poison.
You resist negative energy. (rN+)
You are resistant to electric shocks. (rElec)
You are resistant to unholy torment.
You are immune to petrification.


Message History

The adder is severely wounded.
The adder bites you but does no damage. The gnoll closely misses you.
The adder bites you but does no damage.
You kill the adder!
Your Stealth skill increases to level 4!
Found a stone staircase leading up.
Found a whip.
Found a burning altar of Makhleb.
There is a stone staircase leading up here.
You climb upwards.
Level annotation: Dowan, Duvessa
Found a scroll labelled BOWACR IXOS and a whip.
Found an escape hatch in the floor.
There is a stone staircase leading down here.
The black bear growls angrily.
You hit the black bear but do no damage.
The black bear is poisoned.
The ball python hisses angrily.
The kobold shouts!
You hear a shout!
The black bear bites you.
* * * LOW HITPOINT WARNING * * *
The black bear closely misses you. The black bear claws you.
* * * LOW HITPOINT WARNING * * *
The black bear bites you.
* * * LOW HITPOINT WARNING * * *
The black bear closely misses you. The black bear misses you.
The ball python misses you. x2
You climb downwards.
Level annotation: exclusion: ogre, Ijyb The gnoll barely misses you.
The orc hits you but does no damage.
The gnoll hits you from afar with a +0 spear.
* * * LOW HITPOINT WARNING * * *
The orc hits you but does no damage.
There is a stone staircase leading up here.
The ribbon worm bites you but does no damage.
The black bear attacks as it pursues you!
The black bear bites you.
* * * LOW HITPOINT WARNING * * *
The black bear barely misses you.
The black bear claws you but does no damage.
The gnoll hits you with a +0 spear.
You die...

.._..............#
#...#...#......>.#
..............<.#
##....#..........#
#...#............#
#......###.......#
#.#...####<......#.
#..h####...).......#
##ow@....######..###
#..g.##### ..##
###gg..## ##
#.......#
#.....#....
########..##..#.##
#..#....### #.....
#.####.....### #....
........#..# ....


You could see a black bear (very poisoned), a ribbon worm, 3 gnolls and an orc
(weak-willed).

Vanquished Creatures
  A phantom (D:5)
  A hound (D:3)
  A sleepcap (D:4)
  An iguana (D:4)
  3 adders
  2 ribbon worms
  2 dart slugs
  4 orcs (D:3)
  9 ball pythons
  3 endoplasms
  A giant cockroach (D:4)
  5 goblins
  4 hobgoblins (D:1)
  8 jackals (D:1)
  2 kobolds
  4 bats
  2 frilled lizards
  7 rats
60 creatures vanquished.

Notes
Turn   | Place    | Note
-------+----------+-------------------------------------------
     0 | D:1      | seren the Gargoyle Earth Elementalist began the quest for
                  | the Orb.
     0 | D:1      | Reached XP level 1. HP: 10/10 MP: 3/3
    80 | D:1      | Reached XP level 2. HP: 15/15 MP: 3/5
   245 | D:1      | Found a faded altar of an unknown god.
   257 | D:1      | Reached XP level 3. HP: 19/19 MP: 1/6
   884 | D:2      | Found a snail-covered altar of Cheibriados.
   914 | D:2      | Reached XP level 4. HP: 24/24 MP: 5/7
   915 | D:2      | Identified the +1 chain mail of Xymiet {Int+3}
  1385 | D:3      | Noticed Natasha
  1616 | D:3      | Reached XP level 5. HP: 28/28 MP: 6/9
  1681 | D:3      | Noticed Jessica
  1681 | D:3      | You fall into a shaft and drop 1 floor!
  1911 | D:4      | Noticed a black bear
  1933 | D:5      | Entered Level 5 of the Dungeon
  2045 | D:4      | Noticed Duvessa
  2045 | D:4      | Noticed Dowan
  2053 | D:5      | Noticed Ijyb
  2193 | D:5      | Noticed an ogre
  2225 | D:5      | Noticed a phantom
  2241 | D:5      | Killed a phantom
  2242 | D:5      | Reached XP level 6. HP: 15/32 MP: 6/10
  2260 | D:5      | Found a burning altar of Makhleb.
  2266 | D:5      | Slain by a gnoll

Illustrated notes

Levels and vault maps discovered:
D:1:      minmay_arrival_loop, layout_rooms, hellmonk_ecumenical_altar_run_dry,
          minmay_misc_feat_alley, minmay_misc_feat_rugged
D:2:      layout_rooms, basic_altar
D:3:      layout_basic, hangedman_decor_clover_reticule, moated_statue,
          uniq_natasha, uniq_jessica
D:4:      layout_basic, serial_shops, nicolae_shop_pleasant_corner_grove,
          gammafunk_ghost_nasty_kobolds, uniq_duvessa
D:5:      layout_rooms, bloody_makhleb, lemuel_temple_firewalk_b,
          minmay_misc_feat_columns, lemuel_flame_loot_1, uniq_ijyb

Skill      XL: |  1  2  3  4  5  6 |
---------------+-------------------+-----
Earth Magic    | 4 |  4.8
Dodging        | 2 |  2.7
Conjurations   | 2 3 |  3.0
Stealth        | 3 4 |  4.0
Spellcasting   | 3 |  3.1

Action                     |  1- 3 |  4- 6 || total
---------------------------+-------+-------++-------
  Melee: Unarmed           |     1 |       ||     1
         Short sword       |     3 |     1 ||     4
         Dagger            |       |    27 ||    27
   Cast: Sandblast         |    36 |    53 ||    89
    Use: Scroll            |       |     3 ||     3
         Potion            |       |     1 ||     1
 Armour: Robe              |     9 |    53 ||    62
  Dodge: Dodged            |     8 |    53 ||    61

Table legend: (Time is in decaauts)
 A = Elapsed time spent in this place.
 B = Non-inter-level travel time spent in this place.
 C = Inter-level travel time spent in this place.
 D = Time resting spent in this place.
 E = Time spent auto-exploring this place.
 F = Levels seen in this place.
 G = Mean time per level.
                   A        B        C        D        E       F      G
               +--------+--------+--------+--------+--------+-----+--------+
         Total |   2309 |   2306 |      3 |    399 |   1152 |   5 |  461.8 |
       Dungeon |   2309 |   2306 |      3 |    399 |   1152 |   5 |  461.8 |
               +--------+--------+--------+--------+--------+-----+--------+

Top non-repeatable levels by time:
     D:1: 802 daAuts
     D:2: 533 daAuts
     D:3: 375 daAuts
     D:4: 368 daAuts
     D:5: 229 daAuts
